[Event "Charity Cup MCCT Prel 2022"]
[Site "Online"]
[Date "2022.03.15"]
[Round "15.1"]
[White "Van Foreest, Jorden"]
[Black "Niemann, Hans Moke"]
[Result "1-0"]
[ECO "C67"]
[WhiteElo "2702"]
[BlackElo "2642"]
[Annotator "ChessBase"]
[PlyCount "283"]
[EventDate "2022.03.18"]
[EventType "tourn"]
[EventCountry "NET"]
[SourceTitle "playchess.com"]
[Source "ChessBase"]
[SourceQuality "1"]
[TimeControl "900+10"]

1. e4 e5 2. Nf3 Nc6 3. Bb5 Nf6 4. O-O Nxe4 5. d4 Nd6 6. Bxc6 dxc6 7. dxe5 Nf5 8. Qxd8+ Kxd8 9. h3 Be7 10. Re1 Ke8 11. Nc3 Be6 12. g4 Nh4 13. Nxh4 Bxh4 14. Kg2 Rd8 15. Bf4 Be7 16. Rad1 Bb4 17. a3 Bxc3 18. bxc3 Rd5 19. Kg3 Kd7 20. Be3 Rxd1 21. Rxd1+ Kc8 22. f4 g6 23. Rf1 Bc4 24. Rf2 Re8 25. Kh4 h6 26. f5 Rxe5 27. Bxh6 Kd7 28. fxg6 fxg6 29. Rf6 Re6 30. Rf4 Bd5 31. Kg5 Be4 32. Rf2 Kd6 33. Bg7 c5 34. h4 b5 35. Rd2+ Kc6 36. Kf4 Bd5 37. Be5 Re8 38. Bxc7 Re1 39. Kg5 Rg1 40. Bh2 Ra1 41. Kxg6 Rxa3 42. Be5 Ra4 43. Kg5 Re4 44. Bf6 Re1 45. h5 Rh1 46. c4 bxc4 47. Kg6 Bf3 48. h6 Bxg4 49. h7 Bf5+ 50. Kxf5 Rxh7 51. Ke4 a5 52. Be5 Rh1 53. Ke3 Kb5 54. Re2 a4 55. Kd2 a3 56. Re1 Rh3 57. Re3 Rh5 58. Bc3 Rh1 59. Re8 Rh2+ 60. Kc1 Rh1+ 61. Re1 Rh3 62. Be5 c3 63. Kb1 Kc4 64. Ka2 Rf3 65. Re2 Rf1 66. Re3 Rf2 67. Rxc3+ Kb4 68. Rb3+ Kc4 69. Rc3+ Kb4 70. Rb3+ Kc4 71. Rxa3 Rxc2+ 72. Bb2 Re2 73. Ra4+ Kb5 74. Rh4 c4 75. Kb1 Kb4 76. Rh8 Rg2 77. Rb8+ Kc5 78. Ba3+ Kd4 79. Rd8+ Kc3 80. Bc5 Rg4 81. Be3 Kb3 82. Rb8+ Kc3 83. Bc5 Kd3 84. Rd8+ Kc3 85. Ka2 Kc2 86. Rh8 Rg2 87. Rh3 Rg8 88. Ka3 c3 89. Bd6 Re8 90. Rh2+ Kb1 91. Bf4 Rc8 92. Rh1+ Kc2 93. Kb4 Kd3 94. Kb3 c2 95. Kb2 Rc4 96. Rh3+ Ke2 97. Bc1 Rc8 98. Rh2+ Kd1 99. Rd2+ Ke1 100. Rd7 Ke2 101. Bd2 Rc6 102. Kc1 Rc8 103. Rd6 Rc4 104. Rh6 Kd3 105. Rh3+ Kd4 106. Kb2 Rc8 107. Bc3+ Ke4 108. Kxc2 Rf8 109. Rh7 Kd5 110. Rh4 Rf3 111. Kb3 Re3 112. Rh5+ Ke6 113. Kc4 Re4+ 114. Bd4 Re1 115. Kd3 Rd1+ 116. Ke4 Re1+ 117. Be3 Kf6 118. Rh6+ Kg7 119. Ra6 Re2 120. Kf4 Re1 121. Bd4+ Kf7 122. Be5 Rf1+ 123. Ke4 Rh1 124. Kd5 Rd1+ 125. Bd4 Re1 126. Rf6+ Ke7 127. Rg6 Rd1 128. Rg7+ Kf8 129. Ra7 Rd2 130. Ke5 Ke8 131. Bc5 Kd8 132. Bd6 Re2+ 133. Kd5 Ke8 134. Be5 Kd8 135. Ke6 Rc2 136. Rh7 Kc8 137. Bd6 Rd2 138. Rc7+ Kd8 139. Rc4 Re2+ 140. Be5 Re1 141. Rh4 Kc8 142. Rb4 1-0